MID
BURLINGTON BEES @ QUAD CITIES RIVER BANDITS
04/10/2048
 
TOP OF THE 1ST
Burlington Bees batting - Pitching for Quad Cities River Bandits : RHP Mike Wirick
Pitching: RHP Mike Wirick
Batting: RHB Ricky Mejicanos 0-0: Swinging Strike
0-1: Ball
1-1: Called Strike
1-2: Fly out, F7 (Flyball, 7, EV 94.4 MPH)
Batting: RHB Nick Lombardo 0-0: Ball
1-0: Ball
2-0: Called Strike
2-1: Foul Ball, location: 2F
2-2: Strikes out swinging
Batting: LHB Dave Hicks 0-0: Called Strike
0-1: Ball
1-1: Fly out, F8 (Flyball, 8LD, EV 85.0 MPH)
Top of the 1st over - 0 runs, 0 hits, 0 errors, 0 left on base; Burlington 0 - Quad Cities 0
BOTTOM OF THE 1ST
Quad Cities River Bandits batting - Pitching for Burlington Bees : RHP Chris Adams
Pitching: RHP Chris Adams
Batting: LHB Glenn Lowther 0-0: Ball
1-0: Ball
2-0: Foul Ball, location: 2F
2-1: Ball
3-1: Base on Balls
Batting: RHB Edgar Trejo 0-0: Ball
Glenn Lowther steals 2nd, throwing error, E2
Glenn Lowther to third
1-0: Called Strike
1-1: Foul Ball, location: 2F
1-2: Strikes out swinging
Batting: SHB Dan Castaneda 0-0: Foul Ball, location: 2F
0-1: Swinging Strike
0-2: Ball
1-2: Ball
2-2: Ball
3-2: Base on Balls
Batting: RHB Andrew Pride 0-0: Called Strike
0-1: Ball
Dan Castaneda steals 2nd base
1-1: Ground out 6-3 (Groundball, 6, EV 82.5 MPH)
Glenn Lowther scores
Dan Castaneda to third
Batting: RHB Sean Mounts 0-0: SINGLE (Flyball, 9LS, EV 95.0 MPH)
Dan Castaneda scores
Batting: LHB Jackson Trottier 0-0: Ball
1-0: Ball
2-0: Swinging Strike
2-1: Called Strike
2-2: Foul Ball, location: 2F
2-2: Strikes out swinging
Bottom of the 1st over - 2 runs, 1 hit, 1 error, 1 left on base; Burlington 0 - Quad Cities 2
TOP OF THE 2ND
Burlington Bees batting - Pitching for Quad Cities River Bandits : RHP Mike Wirick
Batting: RHB Timoleon Tsikouna 0-0: Foul Ball, location: 2F
0-1: Ball
1-1: Called Strike
1-2: Ball
2-2: DOUBLE (Groundball, 5L, EV 103.8 MPH)
Batting: RHB Peter Westover 0-0: Ball
Wild Pitch!
Timoleon Tsikouna to third
1-0: Called Strike
1-1: Swinging Strike
1-2: Strikes out swinging
Batting: RHB T.J. Gray 0-0: Called Strike
0-1: Called Strike
0-2: Ball
1-2: Foul Ball, location: 2F
1-2: Ball
2-2: Foul Ball, location: 2F
2-2: Ground out 2-3 (Groundball, 15S, EV 68.1 MPH)
Batting: LHB Mutsuo IIda 0-0: Ball
1-0: Foul Ball, location: 2F
1-1: Ball
2-1: Ground out 6-3 (Groundball, 6S, EV 90.6 MPH)
Top of the 2nd over - 0 runs, 1 hit, 0 errors, 1 left on base; Burlington 0 - Quad Cities 2
BOTTOM OF THE 2ND
Quad Cities River Bandits batting - Pitching for Burlington Bees : RHP Chris Adams
Batting: RHB Tim Persson 0-0: Ball
1-0: Ball
2-0: Swinging Strike
2-1: Swinging Strike
2-2: Strikes out swinging
Batting: RHB Joel Vazquez 0-0: Ball
1-0: Ball
2-0: Ball
3-0: Called Strike
3-1: Fly out, F5 (Flyball, 5D, EV 85.6 MPH)
Batting: RHB Ray Souza 0-0: Called Strike
0-1: Ball
1-1: Called Strike
1-2: Ground out 6-3 (Groundball, 6S, EV 84.4 MPH)
Bottom of the 2nd over - 0 runs, 0 hits, 0 errors, 0 left on base; Burlington 0 - Quad Cities 2
TOP OF THE 3RD
Burlington Bees batting - Pitching for Quad Cities River Bandits : RHP Mike Wirick
Batting: LHB Mario Anguiano 0-0: Ground out U3 (Groundball, 3, EV 88.1 MPH)
Batting: RHB Wilford Harper 0-0: Swinging Strike
0-1: Called Strike
0-2: Ball
1-2: Foul Ball, location: 2F
1-2: Ground out 1-3 (Groundball, 13S, EV 72.5 MPH)
Batting: RHB Ricky Mejicanos 0-0: Ball
1-0: Foul Ball, location: 2F
1-1: Called Strike
1-2: Ball
2-2: Strikes out swinging
Top of the 3rd over - 0 runs, 0 hits, 0 errors, 0 left on base; Burlington 0 - Quad Cities 2
BOTTOM OF THE 3RD
Quad Cities River Bandits batting - Pitching for Burlington Bees : RHP Chris Adams
Batting: LHB Glenn Lowther 0-0: Foul Ball, location: 2F
0-1: Called Strike
0-2: Strikes out swinging
Batting: RHB Edgar Trejo 0-0: Ball
1-0: Foul Ball, location: 2F
1-1: Ball
2-1: Ball
3-1: Base on Balls
Batting: SHB Dan Castaneda 0-0: Foul Ball, location: 2F
0-1: Foul Ball, location: 2F
0-2: Foul Ball, location: 2F
0-2: Strikes out looking
Batting: RHB Andrew Pride 0-0: Called Strike
0-1: Ball
1-1: Swinging Strike
1-2: Strikes out swinging
Bottom of the 3rd over - 0 runs, 0 hits, 0 errors, 1 left on base; Burlington 0 - Quad Cities 2
TOP OF THE 4TH
Burlington Bees batting - Pitching for Quad Cities River Bandits : RHP Mike Wirick
Batting: RHB Nick Lombardo 0-0: Ball
1-0: Ball
2-0: Ball
3-0: Called Strike
3-1: Ground out 5-3 (Groundball, 5S, EV 87.5 MPH)
Batting: LHB Dave Hicks 0-0: Foul Ball, location: 2F
0-1: Foul Ball, location: 2F
0-2: SINGLE (Groundball, 6MD, EV 105.6 MPH)
Batting: RHB Timoleon Tsikouna 0-0: Foul Ball, location: 2F
0-1: Ball
Wild Pitch!
Dave Hicks to second
1-1: SINGLE (Groundball, 4MD, EV 107.5 MPH)
Dave Hicks to third
Runner from 3rd tries for Home, SAFE, throw by CF to home
Batting: RHB Peter Westover 0-0: Swinging Strike
0-1: Ball
Timoleon Tsikouna is caught stealing 2nd base 2-4
1-1: Called Strike
1-2: Strikes out swinging
Top of the 4th over - 1 run, 2 hits, 0 errors, 0 left on base; Burlington 1 - Quad Cities 2
BOTTOM OF THE 4TH
Quad Cities River Bandits batting - Pitching for Burlington Bees : RHP Chris Adams
Batting: RHB Sean Mounts 0-0: Called Strike
0-1: Ball
1-1: Ground out 1-3 (Groundball, 15, EV 66.2 MPH)
Batting: LHB Jackson Trottier 0-0: Ball
1-0: Ball
2-0: Called Strike
2-1: Foul Ball, location: 2F
2-2: Strikes out swinging
Batting: RHB Tim Persson 0-0: Foul Ball, location: 2F
0-1: Called Strike
0-2: Ball
1-2: SINGLE (Groundball, 34D, EV 107.5 MPH)
Batting: RHB Joel Vazquez 0-0: Ball
Tim Persson steals 2nd base (no throw)
1-0: Ball
2-0: Ball
3-0: Called Strike
3-1: Called Strike
3-2: Foul Ball, location: 2F
3-2: Foul Ball, location: 2F
3-2: Foul Ball, location: 2F
3-2: Base on Balls
Pitching: RHP Tim Mumpower
Batting: RHB Ray Souza 0-0: Ball
1-0: Swinging Strike
1-1: Foul Ball, location: 2F
1-2: Hit by Pitch
Tim Persson to third
Joel Vazquez to second
Batting: LHB Glenn Lowther 0-0: Ball
1-0: Called Strike
1-1: Ball
2-1: Foul Ball, location: 2F
2-2: Ball
3-2: Foul Ball, location: 2F
3-2: Foul Ball, location: 2F
3-2: Foul Ball, location: 2F
3-2: Base on Balls
Tim Persson scores
Joel Vazquez to third
Ray Souza to second
Batting: RHB Edgar Trejo 0-0: Swinging Strike
0-1: Ground out 5-3 (Groundball, 56S, EV 88.8 MPH)
Bottom of the 4th over - 1 run, 1 hit, 0 errors, 3 left on base; Burlington 1 - Quad Cities 3
TOP OF THE 5TH
Burlington Bees batting - Pitching for Quad Cities River Bandits : RHP Mike Wirick
Batting: RHB T.J. Gray 0-0: Called Strike
0-1: Foul Ball, location: 2F
0-2: Ball
1-2: Strikes out swinging
Batting: LHB Mutsuo IIda 0-0: Foul Ball, location: 2F
0-1: Ball
1-1: Swinging Strike
1-2: Foul Ball, location: 2F
1-2: Fly out, F7 (Flyball, 7S, EV 78.1 MPH)
Batting: LHB Mario Anguiano 0-0: Fly out, F8 (Flyball, 78M, EV 91.2 MPH)
Top of the 5th over - 0 runs, 0 hits, 0 errors, 0 left on base; Burlington 1 - Quad Cities 3
BOTTOM OF THE 5TH
Quad Cities River Bandits batting - Pitching for Burlington Bees : RHP Tim Mumpower
Batting: SHB Dan Castaneda 0-0: Ball
1-0: Called Strike
1-1: Foul Ball, location: 2F
1-2: Ball
2-2: Foul Ball, location: 2F
2-2: Fly out, F8 (Flyball, 78D, EV 100.6 MPH)
Batting: RHB Andrew Pride 0-0: Ball
1-0: Ball
2-0: Called Strike
2-1: Ball
3-1: Base on Balls
Batting: RHB Sean Mounts 0-0: Called Strike
0-1: Fly out, F8 (Flyball, 89XD, EV 102.5 MPH)
Batting: LHB Jackson Trottier 0-0: Ball
Andrew Pride is caught stealing 2nd base 2-6
Bottom of the 5th over - 0 runs, 0 hits, 0 errors, 0 left on base; Burlington 1 - Quad Cities 3
TOP OF THE 6TH
Burlington Bees batting - Pitching for Quad Cities River Bandits : RHP Mike Wirick
Batting: RHB Wilford Harper 0-0: Ball
1-0: Ball
2-0: Called Strike
2-1: Ball
3-1: Called Strike
3-2: Base on Balls
Batting: RHB Ricky Mejicanos 0-0: Ball
1-0: Ball
2-0: Fielders Choice at 2nd, 4-6 (Groundball, 4, EV 99.4 MPH)
Batting: RHB Nick Lombardo 0-0: Swinging Strike
0-1: Foul Ball, location: 2F
0-2: Ball
1-2: Fly out, F9 (Flyball, 9LM, EV 90.0 MPH)
Batting: LHB Dave Hicks 0-0: Ball
1-0: Called Strike
Ricky Mejicanos is caught stealing 2nd base 2-6
Top of the 6th over - 0 runs, 0 hits, 0 errors, 0 left on base; Burlington 1 - Quad Cities 3
BOTTOM OF THE 6TH
Quad Cities River Bandits batting - Pitching for Burlington Bees : RHP Tim Mumpower
Batting: LHB Jackson Trottier 0-0: Hit by Pitch
Batting: RHB Tim Persson 0-0: Called Strike
0-1: Fly out, F7 (Flyball, 78S, EV 84.4 MPH)
Batting: RHB Joel Vazquez 0-0: Ball
1-0: Foul Ball, location: 2F
1-1: Ball
2-1: DOUBLE (Groundball, 5L, EV 95.6 MPH)
Jackson Trottier to third
Runner from 3rd tries for Home, SAFE, throw by LF to home
Pitching: RHP Troy Ingram
Batting: RHB Ray Souza 0-0: Swinging Strike
0-1: Ball
1-1: Foul Ball, location: 2F
1-2: Strikes out swinging
Batting: LHB Glenn Lowther 0-0: Called Strike
0-1: Swinging Strike
0-2: Strikes out looking
Bottom of the 6th over - 1 run, 1 hit, 0 errors, 1 left on base; Burlington 1 - Quad Cities 4
TOP OF THE 7TH
Burlington Bees batting - Pitching for Quad Cities River Bandits : RHP Mike Wirick
Batting: LHB Dave Hicks 0-0: Ball
1-0: Ground out 4-3 (Groundball, 4, EV 85.6 MPH)
Batting: RHB Timoleon Tsikouna 0-0: Ground out 1-3 (Groundball, 34S, EV 69.4 MPH)
Batting: RHB Peter Westover 0-0: Called Strike
0-1: Swinging Strike
0-2: Ground out 6-3 (Groundball, 6, EV 101.9 MPH)
Top of the 7th over - 0 runs, 0 hits, 0 errors, 0 left on base; Burlington 1 - Quad Cities 4
BOTTOM OF THE 7TH
Quad Cities River Bandits batting - Pitching for Burlington Bees : RHP Troy Ingram
Pitching: LHP Tyler MacLean
Batting: RHB Edgar Trejo 0-0: Ground out 6-3 (Groundball, 6, EV 103.1 MPH)
Batting: SHB Dan Castaneda 0-0: Swinging Strike
0-1: Ball
1-1: Swinging Strike
1-2: Foul Ball, location: 2F
1-2: Foul Ball, location: 2F
1-2: Ball
2-2: Strikes out swinging
Batting: RHB Andrew Pride 0-0: Ball
1-0: Ball
2-0: Ball
3-0: Base on Balls
Batting: RHB Sean Mounts 0-0: Ball
1-0: Ball
2-0: Foul Ball, location: 2F
2-1: Swinging Strike
2-2: Strikes out looking
Bottom of the 7th over - 0 runs, 0 hits, 0 errors, 1 left on base; Burlington 1 - Quad Cities 4
TOP OF THE 8TH
Burlington Bees batting - Pitching for Quad Cities River Bandits : RHP Mike Wirick
Batting: RHB T.J. Gray 0-0: Called Strike
0-1: Foul Ball, location: 2F
0-2: Strikes out looking
Batting: LHB Mutsuo IIda 0-0: Swinging Strike
0-1: Called Strike
0-2: Ball
1-2: Ball
2-2: Strikes out swinging
Batting: LHB Mario Anguiano 0-0: Ball
1-0: Swinging Strike
1-1: Fly out, F2 (Popup, 2LF, EV 88.8 MPH)
Top of the 8th over - 0 runs, 0 hits, 0 errors, 0 left on base; Burlington 1 - Quad Cities 4
BOTTOM OF THE 8TH
Quad Cities River Bandits batting - Pitching for Burlington Bees : LHP Tyler MacLean
Pitching: RHP Dean LeCroy
Batting: LHB Jackson Trottier 0-0: Ball
1-0: Fly out, F7 (Line Drive, 7S, EV 90.6 MPH)
Batting: RHB Tim Persson 0-0: Fly out, F9 (Flyball, 9LS, EV 80.6 MPH)
Batting: RHB Joel Vazquez 0-0: Ball
1-0: Fly out, F7 (Flyball, 78M, EV 91.2 MPH)
Bottom of the 8th over - 0 runs, 0 hits, 0 errors, 0 left on base; Burlington 1 - Quad Cities 4
TOP OF THE 9TH
Burlington Bees batting - Pitching for Quad Cities River Bandits : RHP Mike Wirick
Pitching: RHP Ray Strehler
Batting: RHB Wilford Harper 0-0: Called Strike
0-1: Foul Ball, location: 2F
0-2: Ball
1-2: Ground out 4-3 (Groundball, 4, EV 103.1 MPH)
Batting: RHB Ricky Mejicanos 0-0: Swinging Strike
0-1: Foul Ball, location: 2F
0-2: Ball
1-2: SINGLE (Groundball, 34D, EV 106.2 MPH)
Batting: RHB Nick Lombardo 0-0: Called Strike
0-1: Ball
1-1: Swinging Strike
1-2: Foul Ball, location: 2F
1-2: Strikes out looking
Batting: LHB Dave Hicks 0-0: Fly out, F9 (Line Drive, 9S, EV 96.9 MPH)
Top of the 9th over - 0 runs, 1 hit, 0 errors, 1 left on base; Burlington 1 - Quad Cities 4
Tuesday, March 28th , 2023 - OOTP Baseball 23.10 Build 110